 Dungeon Crawl Stone Soup version 0.29.0-4-gdea44cf6ec (webtiles) character file.

Game seed: 17855589099951705693

109 qw the Chopper (level 4, -1/26 HPs)
             Began as a Tengu Warper on Aug 28, 2022.
             Slain by an orc wizard
             ... wielding a +0 dagger
              (4 damage)
             ... on level 3 of the Dungeon.
             The game lasted 00:00:12 (2395 turns).

qw the Chopper (Tengu Warper)                       Turns: 2395, Time: 00:00:12

Health: -1/26      AC:  6    Str: 19    XL:     4   Next: 90%
Magic:  8/8        EV: 10    Int: 14    God:
Gold:   129        SH:  0    Dex: 13    Spells: 7/7 levels left

rFire   . . .      SeeInvis .   Y - +0 hand axe
rCold   + . .      Faith    .   (no shield)
rNeg    . . .      Spirit   .   a - +0 scale mail
rPois   .          Reflect  .   (helmet restricted)
rElec   .          Harm     .   (no cloak)
rCorr   .          Rampage  .   (no gloves)
Will    .....                   (boots unavailable)
Stlth   ..........              (no amulet)
HPRegen 0.08/turn               d - ring of protection from cold
MPRegen 0.11/turn               e - +6 ring of strength

@: no status effects
A: beak, talons 3
a: no special abilities


You were on level 3 of the Dungeon.
You visited 1 branch of the dungeon, and saw 3 of its levels.

You collected 129 gold pieces.


Innate Abilities, Weirdness & Mutations

You have a beak for a mouth.
You have claws for feet.


   Skills:
 - Level 2.0 Fighting
 + Level 5.4 Axes
 - Level 1.0 Throwing
 - Level 1.1 Armour
 - Level 2.1 Dodging
 - Level 2.0 Spellcasting
 - Level 2.4 Translocations


You had 7 spell levels left.
You didn't know any spells.
Your spell library contained the following spells:

 Spells                   Type           Power      Damage    Failure   Level
 Blink                    Tloc           16%        N/A       38%         2
 Gell's Gravitas          Tloc           8%         N/A       63%         3
 Lesser Beckoning         Tloc           8%         N/A       63%         3
 Teleport Other           Tloc           8%         N/A       63%         3
 Manifold Assault         Tloc           8%         N/A       100%        5

Inventory:

Hand Weapons
 i - a +0 club
 Y - a +0 hand axe (weapon)
Missiles
 f - 3 boomerangs (quivered)
Armour
 a - a +0 scale mail (worn)
Jewellery
 d - a ring of protection from cold (left hand)
 e - a +6 ring of strength (right hand)
 j - a ring of willpower
Potions
 c - a potion of cancellation {unknown}
 g - a potion of might {unknown}
 h - a potion of haste {unknown}
 k - a potion of brilliance {unknown}

Dungeon Overview and Level Annotations

Branches:
Dungeon (3/15)

Altars:


Message History

You hear some strange, mumbled words.
A puff of flame appears from out of thin air!
The puff of flame hits you.
You swing at nothing.
A ball python comes into view.
2380 ||| Stepping ~*~*~tactically~*~*~ (stealth).
Something hits you but does no damage.
The ball python hisses angrily.
You hear some strange, mumbled words.
Something tries to affect you, but you resist.
Items here: %% )).
You slash the ball python!
You kill the ball python!
You closely miss something. Something hits you.
You hit something but do no damage. Your kick misses something.
Something hits you but does no damage.
You miss something. Your kick misses something. Something hits you.
You hit something but do no damage. Your peck misses something.
Something hits you.
You hit something but do no damage. Something hits you.
You miss something. Your kick misses something. Your peck misses something.
You hear some strange, mumbled words.
Something tries to affect you, but you resist.
You barely miss something. You peck something.
Something hits you but does no damage.
You barely miss something. Something hits you.
You hit something. Something completely misses you.
You closely miss something. Your peck misses something.
Something hits you but does no damage.
You closely miss something. Something hits you.
You miss something. Your kick misses something.
Something hits you but does no damage.
You miss something. You peck something. Something hits you. x2
You die...

#<....#.#.#####
#######.#.##### ##
........#...... # ..
........%...... #.# #.
######.(#...... ..>.
#.########..#......
#....#...........#......
#.##...########.########
#.....)@{.........#
########%%.###........
.............7777..~
...#####......? .. ...
:..###.# .. ##.... .# #
#..#.# # #..#... ?.# #.


There were no monsters in sight!

Vanquished Creatures
  Jessica (D:2)
  Terence (D:2)
  An adder (D:2)
  A dart slug (D:2)
  An orc (D:3)
  5 endoplasms
  2 giant cockroaches
  8 goblins
  2 hobgoblins (D:2)
  3 jackals (D:3)
  A quokka (D:3)
  5 ball pythons
  3 bats
  2 frilled lizards
  4 kobolds
  5 rats
45 creatures vanquished.

Notes
Turn   | Place    | Note
-------+----------+-------------------------------------------
     0 | D:1      | qw the Tengu Warper began the quest for the Orb.
     0 | D:1      | Reached XP level 1. HP: 12/12 MP: 4/4
     0 | D:1      | 0 ||| qw: Version: 0.1-a-89-g26bdef1
     0 | D:1      | 0 ||| qw: Game counter: 3417
     0 | D:1      | 0 ||| qw: Always use a shield: true
     0 | D:1      | 0 ||| qw: God list: Okawaru
     0 | D:1      | 0 ||| qw: Allow faded altars: false
     0 | D:1      | 0 ||| qw: Do Orc after D:15 true
     0 | D:1      | 0 ||| qw: Do second Lair branch before Depths: true
     0 | D:1      | 0 ||| qw: Lair rune preference: random
     0 | D:1      | 0 ||| qw: Plans: Normal
     0 | D:1      | 0 ||| PLANNING D:1-11
   285 | D:1      | 285 ||| Stepping ~*~*~tactically~*~*~ (stealth).
   287 | D:1      | Reached XP level 2. HP: 17/17 MP: 6/6
   292 | D:1      | Reached skill level 3 in Axes
   338 | D:1      | Found a faded altar of an unknown god.
   474 | D:1      | 474 ||| Stepping ~*~*~tactically~*~*~ (stealth).
   476 | D:1      | 476 ||| Stepping ~*~*~tactically~*~*~ (stealth).
   487 | D:1      | 487 ||| Stepping ~*~*~tactically~*~*~ (stealth).
   549 | D:1      | 549 ||| Stepping ~*~*~tactically~*~*~ (stealth).
   551 | D:1      | 551 ||| Stepping ~*~*~tactically~*~*~ (stealth).
   552 | D:1      | 552 ||| Stepping ~*~*~tactically~*~*~ (stealth).
   553 | D:1      | 553 ||| Stepping ~*~*~tactically~*~*~ (stealth).
   557 | D:1      | 557 ||| Stepping ~*~*~tactically~*~*~ (stealth).
   600 | D:1      | 600 ||| Stepping ~*~*~tactically~*~*~ (stealth).
   814 | D:1      | 814 ||| READING scroll labelled ILYSKA KAON.
   815 | D:1      | 815 ||| READING scroll labelled OTACWA HARUTU.
   816 | D:1      | 816 ||| READING scroll labelled OBRAUCSUJAVU.
   817 | D:1      | 817 ||| READING scroll labelled SEUNLE USTEGEF.
   818 | D:1      | 818 ||| DROPPING scroll of blinking.
   847 | D:2      | 847 ||| Stepping ~*~*~tactically~*~*~ (stealth).
   854 | D:2      | Reached XP level 3. HP: 12/21 MP: 7/7
   898 | D:2      | 898 ||| FLEEEEING.
  1136 | D:2      | Reached skill level 4 in Axes
  1162 | D:2      | Noticed Jessica
  1167 | D:2      | Killed Jessica
  1168 | D:2      | Reached XP level 4. HP: 23/26 MP: 8/8
  1266 | D:2      | 1266 ||| Stepping ~*~*~tactically~*~*~ (hiding).
  1377 | D:2      | Noticed Terence
  1378 | D:2      | 1378 ||| Stepping ~*~*~tactically~*~*~ (stealth).
  1387 | D:2      | 1387 ||| Stepping ~*~*~tactically~*~*~ (hiding).
  1398 | D:2      | HP: 2/26 [Terence/+3 falchion of holy wrath (10)]
  1399 | D:2      | Killed Terence
  1400 | D:2      | Reached skill level 5 in Axes
  1823 | D:2      | 1823 ||| Stepping ~*~*~tactically~*~*~ (stealth).
  1825 | D:2      | 1825 ||| Stepping ~*~*~tactically~*~*~ (stealth).
  2248 | D:2      | 2248 ||| UPGRADING to +0 scale mail.
  2258 | D:2      | 2258 ||| DROPPING +0 leather armour.
  2259 | D:2      | 2259 ||| UPGRADING to ring of protection from cold.
  2260 | D:2      | 2260 ||| UPGRADING to +6 ring of strength.
  2359 | D:3      | 2359 ||| Stepping ~*~*~tactically~*~*~ (stealth).
  2361 | D:3      | 2361 ||| Stepping ~*~*~tactically~*~*~ (stealth).
  2380 | D:3      | 2380 ||| Stepping ~*~*~tactically~*~*~ (stealth).
  2395 | D:3      | HP: 3/26 [something (4)]
  2395 | D:3      | Slain by an orc wizard

Levels and vault maps discovered:
D:1:      zelgadis_glass_arrival_small, layout_loops_ring,
          hellmonk_ecumenical_altar_leap_of_faith, amcnicky_mini_pool_small
D:2:      layout_loops_ring, roderic_roman_lattice, uniq_jessica, uniq_terence
D:3:      layout_basic, mainiacjoe_overflow_24_doors,
          mainiacjoe_overflow_boulevard

Skill      XL: |  1  2  3  4 |
---------------+-------------+-----
Axes           | 3 4 5 |  5.4
Fighting       | |  2.0
Throwing       | |  1.0
Armour         | |  1.1
Dodging        | |  2.1
Spellcasting   | |  2.0
Translocations | |  2.4

Action                   |  1- 3 |  4- 6 || total
-------------------------+-------+-------++-------
Melee: Hand axe          |    37 |    52 ||    89
       Peck              |     8 |    10 ||    18
       Kick              |     3 |     5 ||     8
       Punch             |     1 |       ||     1
Throw: Boomerang         |    22 |    21 ||    43
  Use: Scroll            |     4 |       ||     4
Armor: Leather armour    |     8 |     5 ||    13
       Scale mail        |       |     8 ||     8
Dodge: Dodged            |    12 |    16 ||    28

Table legend:
 A = Non-vault XP
 B = Vault XP
 C = Vault XP percentage of total XP
 D = Non-vault monster count
 E = Vault monster count
 F = Vault count percentage of total count
                 A         B        C        D         E       F
            +---------+---------+-------+---------+---------+-------
      Total |      84 |      73 |  46.5 |      43 |       2 |   4.4
            +---------+---------+-------+---------+---------+-------
        D:1 |      29 |       0 |   0.0 |      19 |       0 |   0.0
        D:2 |      40 |      73 |  64.6 |      17 |       2 |  10.5
        D:3 |      15 |       0 |   0.0 |       7 |       0 |   0.0
            +---------+---------+-------+---------+---------+-------
